 Dungeon Crawl Stone Soup version 0.28-a0-60-g54b5640690 (webtiles) character file.

Game seed: 9394709878500845249

109 quinnr the Gusty (level 4, 0/24 HPs)
             Began as a Tengu Air Elementalist on July 30, 2021.
             Succumbed to a water moccasin's poison
             ... on level 5 of the Dungeon.
             The game lasted 00:05:40 (2914 turns).

quinnr the Gusty (Tengu Air Elementalist)           Turns: 2914, Time: 00:05:41

Health: 0/24       AC:  4    Str:  9    XL:     4   Next: 90%
Magic:  9/9        EV: 12    Int: 16    God:
Gold:   130        SH:  4    Dex: 14    Spells: 5/9 levels left

rFire   . . .      SeeInvis +   (no weapon)
rCold   . . .      Faith    .   g - +0 buckler
rNeg    . . .      Spirit   .   a - +0 robe
rPois   .          Reflect  .   (helmet restricted)
rElec   .          Harm     .   k - +0 cloak
rCorr   .          Rampage  .   o - +0 pair of gloves
Will    +....                   (boots unavailable)
Stlth   ++........              (no amulet)
HPRegen 0.08/turn               e - ring of see invisible
MPRegen 0.11/turn               f - ring of willpower

@: lethally poisoned (0 -> -14)
A: beak, talons 3
a: no special abilities


You were on level 5 of the Dungeon.
You visited 1 branch of the dungeon, and saw 4 of its levels.

You collected 130 gold pieces.

Inventory:

Armour
 a - a +0 robe (worn)
 g - a +0 buckler (worn)
 k - a +0 cloak (worn)
 o - a +0 pair of gloves (worn)
Jewellery
 d - a +6 ring of dexterity
 e - a ring of see invisible (left hand)
 f - a ring of willpower (right hand)
Scrolls
 b - a scroll of identify
 c - a scroll of enchant weapon {unknown}
 j - a scroll of enchant armour {unknown}
 l - a scroll of magic mapping {unknown}
 n - 3 scrolls of teleportation {unknown}
 p - a scroll of immolation {unknown}
Potions
 h - a potion of might
 i - a potion of degeneration
 m - 2 potions of curing
 q - a potion of magic {unknown}


   Skills:
 - Level 2.1 Dodging
 - Level 2.0 Stealth
 + Level 2.0 Shields
 - Level 3.0 Spellcasting
 - Level 1.3 Conjurations
 + Level 5.6 Air Magic


You had 5 spell levels left.
You knew the following spells:

 Your Spells              Type           Power      Damage    Failure   Level
a - Shock                 Conj/Air       52%        1d6       5%          1
b - Swiftness             Air            20%        N/A       7%          3

Your spell library contained the following spells:

 Spells                   Type           Power      Damage    Failure   Level
 Static Discharge         Conj/Air       13%        N/A       9%          2
 Corona                   Hex            2%         N/A       24%         1
 Airstrike                Air            10%        N/A       24%         4
 Ensorcelled Hibernation  Hex/Ice        4%         N/A       34%         2
 Tukima's Dance           Hex            2%         N/A       56%         3
 Sticky Flame             Conj/Fire      4%         2d3       87%         4
 Dispel Undead            Necr           2%         3d7       93%         4


Dungeon Overview and Level Annotations

Branches:
Dungeon (3/15)

Altars:
Wu Jian


Innate Abilities, Weirdness & Mutations

You have a beak for a mouth.
You have claws for feet.


Message History

Things that are here:
a +0 club; a +0 hunting sling; a gnoll corpse Done exploring.
Done exploring.
Done exploring.
Done exploring.
You can't see any susceptible monsters within range! (Use Z to cast anyway.)
(D) Dungeon
Where to? (Enter - D:3, ? - help)
There is a stone staircase leading down here.
You climb downwards.
There is a stone staircase leading up here.
A ball python comes into view.
The zap hits the ball python.
You kill the ball python!
Your Shields skill increases to level 2!
You can't see any susceptible monsters within range! (Use Z to cast anyway.) Magic restored.
You see here a ball python corpse.
Key pressed, stopping explore.
n - 3 scrolls labelled RAPSAI REXEKLULE (gained 1)
You see here an adder skeleton.
Found a spear.
You fall into a shaft and drop 2 floors!
The shaft crumbles and collapses.
Found 4 silver boomerangs.
Found an escape hatch in the ceiling.
A water moccasin comes into view.
A scorpion comes into view.
The water moccasin hisses angrily.
A water moccasin comes into view.
The water moccasin bites you!
You are lethally poisoned!
The water moccasin poisons you! The scorpion stings you.
Found a stone staircase leading up.
You feel very sick. The water moccasin bites you!
* * * LOW HITPOINT WARNING * * *
Found an escape hatch in the floor.
Found a stone staircase leading down.
There is an escape hatch in the ceiling here.
You die...

.... ... ..## ###
..##..## #......# .
### ##...... ##
...##..##...####..#
........Ss.......#
.......@####..........
.............###......
....S.......## ......
.###...###..# .....
#<.. #...> ..... ....
.#.... (... .####
.##.>.. .... .. ...


You could see 2 water moccasins and a scorpion.

Vanquished Creatures
  4 gnolls (D:2)
  3 adders
  A dart slug (D:1)
  2 bats
  3 endoplasms
  2 giant cockroaches (D:2)
  A goblin (D:2)
  11 hobgoblins
  4 jackals (D:1)
  2 kobolds
  3 ball pythons
  2 frilled lizards (D:1)
  3 rats
41 creatures vanquished.

Notes
Turn   | Place    | Note
-------+----------+-------------------------------------------
     0 | D:1      | quinnr the Tengu Air Elementalist began the quest for the
                  | Orb.
     0 | D:1      | Reached XP level 1. HP: 10/10 MP: 4/4
   202 | D:1      | Reached XP level 2. HP: 15/15 MP: 0/6
   510 | D:1      | Found a faded altar of an unknown god.
  1274 | D:2      | Reached XP level 3. HP: 19/19 MP: 4/7
  1343 | D:2      | Reached skill level 5 in Air Magic
  1375 | D:2      | Learned a level 3 spell: Swiftness
  1406 | D:2      | Found an ornate altar of the Wu Jian Council.
  1631 | D:2      | Reached skill level 1 in Shields
  1765 | D:2      | You fall into a shaft and drop 1 floor!
  2105 | D:2      | Reached XP level 4. HP: 24/24 MP: 5/9
  2906 | D:3      | You fall into a shaft and drop 2 floors!
  2906 | D:5      | Entered Level 5 of the Dungeon
  2908 | D:5      | Noticed a water moccasin
  2909 | D:5      | Noticed a scorpion
  2911 | D:5      | Noticed a water moccasin
  2914 | D:5      | Succumbed to a water moccasin's poison

Illustrated notes

Levels and vault maps discovered:
D:1:      elethiomel_arrival_fortress_basement, layout_rooms,
          hellmonk_ecumenical_altar_lost_god
D:2:      layout_basic, basic_altar, serial_glass, glass_columns_b,
          glass_columns_c
D:3:      layout_basic, chequers_serial_rivers_room_a,
          ebering_dispersal_statue_hall
D:5:      layout_cave_pools, minmay_temple_entry_mist, lemuel_flamethrower_2

Skill      XL: |  1  2  3  4 |
---------------+-------------+-----
Air Magic      | 5 |  5.6
Shields        | 1 2 |  2.0
Spellcasting   | 3 |  3.0
Dodging        | |  2.1
Stealth        | |  2.0
Conjurations   | |  1.3

Action                   |  1- 3 |  4- 6 || total
-------------------------+-------+-------++-------
Melee: Unarmed           |     6 |     4 ||    10
       Kick              |     2 |     1 ||     3
 Cast: Shock             |    78 |    28 ||   106
  Use: Scroll            |     3 |       ||     3
Armor: Robe              |     3 |       ||     3
Dodge: Dodged            |    25 |     8 ||    33
Block: Buckler           |     2 |     3 ||     5

Table legend: (Time is in decaauts)
 A = Elapsed time spent in this place.
 B = Non-inter-level travel time spent in this place.
 C = Inter-level travel time spent in this place.
 D = Time resting spent in this place.
 E = Time spent auto-exploring this place.
 F = Levels seen in this place.
 G = Mean time per level.
                   A        B        C        D        E       F      G
               +--------+--------+--------+--------+--------+-----+--------+
         Total |   2912 |   2844 |     68 |     99 |   2405 |   4 |  728.0 |
       Dungeon |   2912 |   2844 |     68 |     99 |   2405 |   4 |  728.0 |
               +--------+--------+--------+--------+--------+-----+--------+

Top non-repeatable levels by time:
     D:2: 1431 daAuts
     D:1: 1226 daAuts
     D:3: 247 daAuts
     D:5: 7 daAuts
